 Dungeon Crawl Stone Soup version 0.28-a0-697-g47f3eba078 (webtiles) character file.

Game seed: 13382742058307475619

163 avis the Ruffian (level 5, -1/67 HPs)
             Began as a Hill Orc Transmuter on Oct 23, 2021.
             Succumbed to a hornet's poison
             ... on level 4 of the Dungeon.
             The game lasted 00:17:10 (4622 turns).

avis the Ruffian (Hill Orc Transmuter)              Turns: 4622, Time: 00:17:10

Health: -1/67      AC:  4    Str: 13    XL:     5   Next: 44%
Magic:  16/16      EV: 11    Int: 20    God:
Gold:   135        SH:  0    Dex: 11    Spells: 3/7 levels left

rFire   . . .      SeeInvis .     - Unarmed
rCold   . . .      Faith    .   (no shield)
rNeg    . . .      Spirit   .   g - +0 leather armour
rPois   .          Reflect  .   (helmet currently unavailable)
rElec   .          Harm     .   c - +0 cloak
rCorr   .          Rampage  .   (no gloves)
Will    .....                   (boots currently unavailable)
Stlth   ..........              (no amulet)
HPRegen 0.21/turn               o - ring of magical power
MPRegen 0.15/turn               j - +6 ring of intelligence

@: berserking, lethally poisoned (-1 -> -11), appendages, very quick
A: horns 2, talons 2
a: End Transformation


You were on level 4 of the Dungeon.
You had temporarily grown beastly horns and talons.
You visited 2 branches of the dungeon, and saw 5 of its levels.

You collected 135 gold pieces.

Inventory:

Hand Weapons
 b - a +1 hunting sling of flaming
 A - a +1 falchion of holy wrath
Missiles
 f - 36 stones (quivered)
 k - 11 boomerangs
 m - 11 sling bullets
 n - 12 poisoned darts
Armour
 c - a +0 cloak (worn)
 g - a +0 leather armour (worn)
 u - a +2 helmet (melded)
Jewellery
 j - a +6 ring of intelligence (right hand)
 o - a ring of magical power (left hand)
 q - a ring of fire
Wands
 r - a wand of polymorph (7)
Scrolls
 e - 2 scrolls of noise {unknown}
 h - 3 scrolls of magic mapping {unknown}
 i - a scroll of amnesia {unknown}
 l - 2 scrolls of identify {unknown}
 p - a scroll of acquirement {unknown}
 t - a scroll of teleportation {unknown}
Potions
 d - a potion of berserk rage
 s - a potion of curing {unknown}


   Skills:
 + Level 3.3 Fighting
 - Level 1.5 Dodging
 * Level 5.4 Unarmed Combat
 - Level 1.5 Spellcasting
 - Level 2.0 Transmutations


You had 3 spell levels left.
You knew the following spells:

 Your Spells              Type           Power      Damage    Failure   Level
a - Beastly Appendage     Tmut           18%        N/A       10%         1
p - Spider Form           Tmut/Pois      2%         N/A       38%         3

Your spell library contained the following spells:

 Spells                   Type           Power      Damage    Failure   Level
 Wereblood                Tmut           9%         N/A       14%         2
 Call Canine Familiar     Summ           1%         N/A       54%         3
 Ozocubu's Armour         Ice            1%         N/A       54%         3
 Portal Projectile        Hex/Tloc       2%         N/A       54%         3
 Ice Form                 Ice/Tmut       5%         N/A       80%         4
 Leda's Liquefaction      Hex/Erth       0%         N/A       91%         4
 Metabolic Englaciation   Hex/Ice        0%         N/A       99%         5
 Simulacrum               Ice/Necr       0%         N/A       100%        6


Dungeon Overview and Level Annotations

Branches:
Dungeon (4/15)             Temple (1/1) D:4

Altars:
Cheibriados
Dithmenos
Fedhas
Gozag
Hepliaklqana
Kikubaaqudgha
Makhleb
Okawaru
Ru
Sif Muna
Uskayaw
Vehumet
Yredelemnul
Zin

Annotations:
D:3 Grinder


Innate Abilities, Weirdness & Mutations

You have temporarily grown beastly horns and talons.


Message History

Your +2 helmet unmelds from your body.
You open the door.
A ball python, a hornet, a hobgoblin and a dart slug come into view.
The hobgoblin shouts!
The hornet buzzes angrily.
The ball python hisses angrily.
The ball python barely misses you. The ball python grabs you.
The ball python constricts you.
Found 20 stones.
Your +1 hunting sling of flaming stops flaming.
You are now empty-handed.
Casting: Beastly Appendage (safe; 10% risk of failure)
Confirm with . or Enter, or press ? or * to list all spells.
You grow a pair of large bovine horns.
Your feet morph into talons.
Your +2 helmet melds into your body.
The ball python closely misses you. The ball python constricts you.
You barely miss the ball python. The ball python bites you.
The ball python constricts you.
You hit the ball python.
You kill the ball python!
The hornet stings you but does no damage.
You hit the hornet.
The hornet is lightly wounded.
The hornet stings you.
You suddenly lose the ability to move!
The hornet stings you but does no damage.
The hornet stings you!
You are poisoned.
You shrug off the repeated paralysis!
The hornet stings you.
You feel yourself slow down.
You can move again.
You closely miss the hornet. Your kick misses the hornet.
You feel very sick.
The hornet stings you but does no damage.
The hornet stings you!
* * * LOW HITPOINT WARNING * * *
You shrug off the repeated paralysis!
It was a potion of berserk rage.
A red film seems to cover your vision as you go berserk!
You feel yourself moving faster!
You feel mighty!
You feel yourself speed up.
You die...

#.....# ########......#....
#.....####.............+....
#......................#....
#...####.....####......#....
#...#..##...##.(#......#....
#...#...##.##...#......#....
#...##...#.#g..##......#....
#....##.)#.#yw##.......#....
######.....###..@###........#....
......#........8............#....
......#....###...###........+....
......#...## +#.#+ ##.......#..>.
......#..## #.# ##......#....
......#..# ##.## #......#+###
#######..# ##...## #......#
.........####.....####......#
............................#


You could see a hornet, a dart slug and a hobgoblin.

Vanquished Creatures
  A hound skeleton (D:4)
  Robin (D:3)
  An adder (D:2)
  An adder skeleton (D:4)
  8 worms
  4 dart slugs
  6 orcs
  9 bats
  An endoplasm (D:3)
  4 giant cockroaches
  11 goblins
  7 hobgoblins
  2 jackals (D:3)
  7 quokkas
  10 ball pythons
  4 frilled lizards
  6 kobolds
  8 rats
91 creatures vanquished.

Vanquished Creatures (others)
  10 plants (D:1)
10 creatures vanquished.

Grand Total: 101 creatures vanquished

Notes
Turn   | Place    | Note
-------+----------+-------------------------------------------
     0 | D:1      | avis the Hill Orc Transmuter began the quest for the Orb.
     0 | D:1      | Reached XP level 1. HP: 16/16 MP: 3/3
   191 | D:1      | Reached XP level 2. HP: 15/24 MP: 1/4
   582 | D:1      | Reached skill level 4 in Unarmed Combat
  1003 | D:1      | Found a faded altar of an unknown god.
  1044 | D:1      | Reached XP level 3. HP: 29/29 MP: 3/5
  1118 | D:1      | Learned a level 3 spell: Spider Form
  1824 | D:2      | Reached XP level 4. HP: 37/37 MP: 4/6
  1902 | D:2      | Found an iron altar of Okawaru.
  3021 | D:3      | Reached skill level 5 in Unarmed Combat
  3049 | D:3      | Noticed Robin
  3058 | D:3      | Killed Robin
  3318 | D:3      | Found an ancient bone altar of Kikubaaqudgha.
  3355 | D:3      | Reached XP level 5. HP: 34/45 MP: 7/7
  3883 | D:4      | Noticed Grinder
  4135 | D:4      | Found a staircase to the Ecumenical Temple.
  4160 | Temple   | Entered the Ecumenical Temple
  4613 | D:4      | Noticed a hornet
  4618 | D:4      | Paralysed by a hornet for 2 turns
  4621 | D:4      | HP: 1/45 [hornet (14)]
  4622 | D:4      | Succumbed to a hornet's poison

Illustrated notes

Levels and vault maps discovered:
D:1:      wander_arrival_lonely_grave, layout_rooms,
          shapermc_ecumenical_altar_mp_vishouse, serial_bayou_lagoon_a,
          skrybe_limestone_x
D:2:      layout_basic, basic_altar
D:3:      layout_loops_ring, mainiacjoe_overflow_chevrons, uniq_robin
D:4:      cheibrodos_barr_body, layout_gridville,
          chequers_temple_overflow_statue_of_worship,
          minmay_temple_entry_purple_smoke, uniq_grinder
Temple:   chequers_temple_sunken

Skill      XL: |  1  2  3  4 |
---------------+-------------+-----
Fighting       | 2 3 |  3.3
Unarmed Combat | 4 5 |  5.4
Transmutations | 2 |  2.0
Dodging        | |  1.5
Spellcasting   | |  1.5

Action                   |  1- 3 |  4- 6 || total
-------------------------+-------+-------++-------
Melee: Unarmed           |    50 |    36 ||    86
       Kick              |    20 |    18 ||    38
       Headbutt          |    10 |    13 ||    23
       Dagger            |    55 |    61 ||   116
       Punch             |     1 |     5 ||     6
       Club              |       |    23 ||    23
       Falchion          |       |     1 ||     1
 Fire: Hunting sling     |       |    41 ||    41
Throw: Boomerang         |     7 |       ||     7
       Stone             |       |     3 ||     3
 Cast: Beastly Appendage |    23 |    20 ||    43
  Use: Potion            |       |     1 ||     1
Armor: Robe              |     3 |       ||     3
       Leather armour    |    31 |    28 ||    59
Dodge: Dodged            |    41 |    48 ||    89

Table legend: (Time is in decaauts)
 A = Elapsed time spent in this place.
 B = Non-inter-level travel time spent in this place.
 C = Inter-level travel time spent in this place.
 D = Time resting spent in this place.
 E = Time spent auto-exploring this place.
 F = Levels seen in this place.
 G = Mean time per level.
                   A        B        C        D        E       F      G
               +--------+--------+--------+--------+--------+-----+--------+
         Total |   4635 |   4376 |    259 |   1443 |   2040 |   5 |  927.0 |
       Dungeon |   4428 |   4197 |    231 |   1443 |   1874 |   4 | 1107.0 |
        Temple |    207 |    179 |     28 |      0 |    166 |   1 |  207.0 |
               +--------+--------+--------+--------+--------+-----+--------+

Top non-repeatable levels by time:
     D:1: 1539 daAuts
     D:3: 1172 daAuts
     D:2: 1168 daAuts
     D:4: 547 daAuts
  Temple: 207 daAuts
